 Dungeon Crawl Stone Soup version 0.28.0 (webtiles) character file.

Game seed: 5027472615752051492

417744 hofbold the Spry (level 23, -27/168 HPs)
             Began as a Merfolk Monk on Feb 7, 2022.
             Was a High Priest of Hepliaklqana.
             Killed from afar by a living spell (29 damage)
             ... with an iceblast
             ... summoned by a walking frostbound tome
             ... on level 2 of the Depths.
             The game lasted 02:03:43 (59698 turns).

hofbold the Spry (Merfolk Monk)                    Turns: 59698, Time: 02:03:43

Health: -27/168    AC: 19    Str: 20    XL:     23   Next: 29%
Magic:  0/37       EV: 21    Int: 14    God:    Hepliaklqana [*****.]
Gold:   4347       SH: 23    Dex: 17    Spells: 7/43 levels left

rFire   + . .      SeeInvis +   X - +9 demon trident (freeze)
rCold   + + +      Faith    .   V - +6 tower shield {rF+}
rNeg    + . .      Spirit   +   R - +3 leather armour "Siatt" {Rampage +Blink rC++ rN+ rCorr}
rPois   +          Reflect  .   e - +2 helmet
rElec   .          Harm     .   E - +2 cloak of Cloud Cover {Slay+2}
rCorr   +          Rampage  +   Q - +2 pair of gloves
Will    +....                   w - +2 pair of boots {Stlth+}
Stlth   ++++++....              h - amulet of guardian spirit
HPRegen 0.38/turn               C - ring "Irphea" {rC+ Str+4 Int-4 SInv Stlth+}
MPRegen 0.25/turn               l - ring "Lephoah" {rPois rCorr Str+3}

@: hasted and slowed
A: reduced essence, (nimble swimmer 2), mertail
}: 3/15 runes: decaying, serpentine, abyssal
a: Renounce Religion, Evoke Blink, Recall Ancestor, Ancestor Identity,
Transference, Idealise


You were on level 2 of the Depths.
You worshipped Hepliaklqana.
Hepliaklqana was extremely pleased with you.
You visited 9 branches of the dungeon, and saw 39 of its levels.
You visited the Abyss 3 times.
You also visited: Bailey and Gauntlet.

You collected 5176 gold pieces.
You spent 829 gold pieces at shops.

Inventory:

Hand Weapons
 a - a +1 trident of holy wrath
 X - a +9 demon trident of freezing (weapon)
Missiles
 s - 6 throwing nets
 u - 6 silver javelins
 x - a silver boomerang (quivered)
 z - 37 poisoned darts
 J - 3 boomerangs
 S - 4 javelins
Armour
 e - a +2 helmet (worn)
 w - a +2 pair of boots of stealth (worn)
 E - the +2 cloak of Cloud Cover (worn) {Slay+2}
   (You found it on level 1 of the Lair of Beasts)

   Slay:      It affects your accuracy & damage with ranged weapons and melee
   (+2).
 Q - a +2 pair of gloves (worn)
 R - the +3 leather armour "Siatt" (worn) {Rampage +Blink rC++ rN+ rCorr}
   (You found it on level 14 of the Dungeon)

   rC:        It greatly protects you from cold.
   rN:        It protects you from negative energy.
   +Blink:    It lets you blink.
   rCorr:     It protects you from acid and corrosion.
   Rampage:   It bestows one free step when moving towards enemies.
 V - a +6 tower shield of fire resistance (worn)
Magical Staves
 T - a staff of death
Jewellery
 h - an amulet of guardian spirit (around neck)
 k - an amulet of reflection
 l - the ring "Lephoah" (right hand) {rPois rCorr Str+3}
   (You found it on level 6 of the Dungeon)

   [ring of resist corrosion]

   Str:       It affects your strength (+3).
   rPois:     It protects you from poison.
   rCorr:     It protects you from acid and corrosion.
 o - the ring of the Tempest {Fire rElec Str+5 Dex-2}
   (You took it off a deep elf sorcerer on level 3 of the Elven Halls)

   [ring of fire]

   It enhances your fire magic.
   Str:       It affects your strength (+5).
   Dex:       It affects your dexterity (-2).
   rF:        It protects you from fire.
   rC:        It makes you vulnerable to cold.
   rElec:     It insulates you from electricity.
 C - the ring "Irphea" (left hand) {rC+ Str+4 Int-4 SInv Stlth+}
   (You found it on level 3 of the Elven Halls)

   [ring of see invisible]

   Str:       It affects your strength (+4).
   Int:       It affects your intelligence (-4).
   rC:        It protects you from cold.
   SInv:      It lets you see invisible.
   Stlth:     It makes you more stealthy.
Wands
 r - a wand of iceblast (5)
 t - a wand of polymorph (25)
 F - a wand of flame (21)
 K - a wand of digging (27)
 L - a wand of mindburst (2)
 U - a wand of paralysis (10)
Scrolls
 g - 6 scrolls of teleportation
 v - a scroll of fear
 y - a scroll of acquirement
 D - 3 scrolls of fog
 G - 24 scrolls of identify
 H - 4 scrolls of magic mapping
 Y - a scroll of summoning
 Z - a scroll of holy word
Potions
 c - a potion of invisibility
 f - 5 potions of might
 j - 4 potions of curing
 m - 10 potions of lignification
 n - 9 potions of attraction
 p - 3 potions of flight
 q - 3 potions of berserk rage
 A - a potion of haste
 B - 5 potions of mutation
 N - 6 potions of brilliance
 O - a potion of cancellation
 P - 5 potions of magic
 W - 2 potions of resistance
Miscellaneous
 b - a condenser vane (inert)
 i - a lightning rod (4/4)
 I - a box of beasts
 M - a tin of tremorstones (2/2)


   Skills:
 + Level 17.1 Fighting
 + Level 10.7 Long Blades
 - Level 16.0 Polearms
 + Level 11.0 Throwing
 - Level 5.0 Armour
 + Level 19.7 Dodging
 - Level 10.0 Stealth
 + Level 10.4 Shields
 + Level 10.9 Spellcasting
 + Level 7.8 Summonings
 - Level 5.0 Necromancy
 - Level 5.0 Translocations
 + Level 3.5 Ice Magic
 + Level 14.8 Invocations
 - Level 12.0 Evocations


You had 7 spell levels left.
You knew the following spells:

 Your Spells              Type           Power      Damage    Failure   Level
a - Vampiric Draining     Necr           21%        2d7       26%         3
b - Malign Gateway        Summ/Tloc      12%        N/A       100%        7
c - Summon Horrible Thin  Summ           14%        N/A       100%        8
d - Polar Vortex          Ice            8%         N/A       100%        9
p - Passage of Golubria   Tloc           21%        N/A       65%         4
w - Passwall              Tmut/Erth      5%         N/A       71%         2
x - Blink                 Tloc           42%        N/A       13%         2
y - Apportation           Tloc           42%        N/A       9%          1

Your spell library contained the following spells:

 Spells                   Type           Power      Damage    Failure   Level
 Summon Small Mammal      Summ           100%       N/A       2%          1
 Animate Skeleton         Necr           42%        N/A       9%          1
 Pain                     Necr           84%        1d8       9%          1
 Call Canine Familiar     Summ           29%        N/A       9%          3
 Sublimation of Blood     Necr           21%        N/A       13%         2
 Gell's Gravitas          Tloc           21%        N/A       26%         3
 Lesser Beckoning         Tloc           21%        N/A       26%         3
 Teleport Other           Tloc           21%        N/A       26%         3
 Corpse Rot               Necr/Air       28%        N/A       36%         2
 Summon Guardian Golem    Hex/Summ       18%        N/A       38%         3
 Summon Ice Beast         Ice/Summ       23%        N/A       54%         4
 Foxfire                  Conj/Fire      28%        2x1d5     56%         1
 Magic Dart               Conj           28%        1d4       56%         1
 Sandblast                Erth           14%        2d6       56%         1
 Slow                     Hex            28%        N/A       56%         1
 Portal Projectile        Hex/Tloc       28%        N/A       58%         3
 Poisonous Vapours        Pois/Air       14%        N/A       71%         2
 Searing Ray              Conj           14%        2d5       71%         2
 Animate Armour           Summ/Erth      36%        N/A       80%         4
 Summon Lightning Spire   Summ/Air       18%        N/A       80%         4
 Confusing Touch          Hex            7%         N/A       90%         3
 Conjure Flame            Conj/Fire      7%         6-21      90%         3
 Inner Flame              Hex/Fire       7%         N/A       90%         3
 Stone Arrow              Conj/Erth      14%        3d7       90%         3
 Tukima's Dance           Hex            7%         N/A       90%         3
 Manifold Assault         Tloc           21%        N/A       94%         5
 Ice Form                 Ice/Tmut       12%        N/A       97%         4
 Summon Cactus Giant      Summ           14%        N/A       99%         6
 Flame Wave               Conj/Fire      7%         2d5       100%        4
 Fulminant Prism          Conj/Hex       3%         3d6       100%        4
 Leda's Liquefaction      Hex/Erth       3%         N/A       100%        4
 Petrify                  Tmut/Erth      7%         N/A       100%        4
 Alistair's Intoxication  Tmut/Pois      4%         N/A       100%        5
 Freezing Cloud           Conj/Ice/Air   5%         6-21      100%        5
 Metabolic Englaciation   Hex/Ice        6%         N/A       100%        5
 Yara's Violent Unravell  Hex/Tmut       3%         3d4       100%        5
 Death Channel            Necr           10%        N/A       100%        6
 Dispersal                Tloc           10%        N/A       100%        6
 Simulacrum               Ice/Necr       9%         N/A       100%        6
 Statue Form              Tmut/Erth      4%         N/A       100%        6
 Haunt                    Necr/Summ      12%        N/A       100%        7
 Monstrous Menagerie      Summ           14%        N/A       100%        7
 Storm Form               Tmut/Air       3%         N/A       100%        7
 Disjunction              Tloc           10%        N/A       100%        8
 Lehudib's Crystal Spear  Conj/Erth      3%         10d3      100%        8


Dungeon Overview and Level Annotations

Branches:
Dungeon (15/15)            Temple (1/1) D:4            Lair (6/6) D:10
  Swamp (4/4) Lair:4        Snake (4/4) Lair:4        Slime (0/5) Lair:5
    Orc (2/2) D:10            Elf (3/3) Orc:2        Vaults (2/5) D:13
 Depths (1/4) D:15         Bailey (visited)         Gauntlet (visited)
  Crypt: Vaults:2-3

Altars:
Ashenzari
Cheibriados
Dithmenos
Elyvilon
Fedhas
Gozag
Hepliaklqana
Kikubaaqudgha
Makhleb
Nemelex Xobeh
Okawaru
Qazlal
Ru
Sif Muna
Trog
Uskayaw
Vehumet
Wu Jian
Xom
Yredelemnul
Zin
The Shining One
Beogh
Jiyva
Lugonu

Shops:
D:9 =   D:10 (   Orc:2 *[*=   Elf:3 :   Snake:1 ([(

Portals:
Abyss: Lair:6
Pandemonium: Orc:2

Annotations:
Elf:1 1 runed translucent door
Vaults:2 Saint Roka


Innate Abilities, Weirdness & Mutations

Your life essence is reduced to manifest your ancestor. (-10% HP)
((You are very nimble when in or above water. (Stealth+, EV+, Speed+++)))
Your lower body shifts to a powerful aquatic tail in water.


Message History

A walking crystal tome comes into view.
You feel much better.
You feel stable enough to blink again. The living spell casts itself at you.
The mass of ice explodes!
The iceblast engulfs you!! You partially resist.
* * * LOW HITPOINT WARNING * * *
You hear a shout! x2
You feel much better. The walking frostbound tome hits you!
* * * LOW HITPOINT WARNING * * *
The walking frostbound tome freezes you!
You resist.
* * * LOW HITPOINT WARNING * * *
Okay, then.
You blink.
The walking crystal tome hits you!!
* * * LOW HITPOINT WARNING * * *
Okay, then.
You are still too unstable to blink.
Okay, then.
You feel much better.
You feel stable enough to blink again.
The walking frostbound tome erupts in a flurry of living spells!
The walking crystal tome barely misses you.
The walking frostbound tome hits you but does no damage.
Throw: boomerang (silver)
Press: ? - help, Q - select action, (/) - cycle Shift-Dir - straight line, f - walking crystal tome
Aim: a walking crystal tome (85% to hit)
Okay, then.
You feel yourself speed up.
The walking frostbound tome hits you but does no damage.
The walking crystal tome hits you!
* * * LOW HITPOINT WARNING * * *
The walking frostbound tome erupts in a flurry of living spells!
The walking crystal tome erupts in a flurry of living spells!
The living spell casts itself at you.
The mass of ice explodes!
The iceblast engulfs you!! You partially resist.
* * * LOW HITPOINT WARNING * * *
The walking crystal tome erupts in a flurry of living spells!
The living spell casts itself at you.
The mass of ice explodes!
The iceblast engulfs you!! You partially resist.
You die...

##.. ..###.# (..
..$#..# ..##.H
..##.### ..
..#..#.*.......
#.##*..##.*###.###
..#†;.#;.;#
##.##.##*#.###
..C#†#*...*.#
#.#H#.#@####
#..#..#)#
##.#.##.# #...##.#
######.# #.# #.#
..# ###


You could see a walking crystal tome, a walking frostbound tome and 5 living
spells.

Vanquished Creatures
  Mara (Swamp:3)
  Nikola (Swamp:4)
  A lich (Abyss:3)
  A deep elf master archer (Elf:3)
  2 sphinxes (Depths:2)
  3 thorn hunters
  2 fire giants
  A nagaraja (Snake:4)
  A frost giant (Depths:2)
  5 deep elf sorcerers
  3 vault wardens (Vaults:1)
  2 angels (Vaults:1)
  5 deep elf elementalists (Elf:3)
  2 orc warlords
  A quicksilver ooze (shapeshifter) (Abyss:3)
  6 ironbound preservers
  8 very ugly things
  A stone giant (Vaults:1)
  2 deep elf demonologists (Elf:3)
  4 dire elephants (Vaults:1)
  5 deep elf annihilators
  3 bunyips (Swamp:4)
  A spark wasp (Depths:2)
  3 ettins
  3 deep elf death magi
  A yaktaur captain (Vaults:1)
  8 naga warriors
  2 salamander tyrants (Snake:4)
  A vault guard (D:13)
  A ghost crab (Swamp:3)
  2 ice dragons
  8 anacondas
  9 hydras
  An ogre mage (Abyss:3)
  2 ironbound frosthearts (Vaults:1)
  2 boulder beetles
  A centaur warrior (D:13)
  A death knight (D:14)
  4 alligators
  A demonspawn (Orc:2)
  A deep troll shaman (Depths:1)
  8 two-headed ogres
  A tengu warrior (D:15)
  Urug (Lair:6)
  4 thrashing horrors
  18 dancing weapons
  3 death yaks
  An orc high priest (Orc:2)
  5 deep elf knights
  10 naga sharpshooters
  A soul eater (Abyss:3)
  5 shock serpents
  3 wretched stars (Abyss:3)
  3 salamander mystics (Snake:4)
  2 goliath frogs
  4 swamp dragons (Swamp:4)
  3 deep elf archers
  A naga ritualist (Snake:4)
  7 deep trolls
  3 spriggan druids
  2 starcursed masses (Abyss:3)
  A lindwurm (Vaults:2)
  6 bog bodies
  4 wizards
  Pikel (D:6)
  3 necromancers
  17 deep elf zephyrmancers
  A phantasmal warrior (D:13)
  4 orc knights
  5 orc sorcerers (Orc:2)
  The ghost of snonkus the Ducker, a novice HuGl of Jiyva (D:6)
  17 deep elf pyromancers
  8 ugly things
  6 salamanders
  2 mana vipers (Snake:4)
  A cyclops (D:13)
  3 will-o-the-wisps
  6 elephants
  23 black mambas
  3 vault sentinels (Vaults:1)
  A guardian serpent (Snake:4)
  7 naga magi
  A freezing wraith (D:14)
  8 cane toads
  6 smoke demons
  2 rime drakes
  4 komodo dragons
  An efreet (Abyss:3)
  A kobold demonologist (Elf:1)
  10 yaktaurs
  2 ancient zymes
  4 meliai (Abyss:3)
  4 tyrant leeches
  2 polar bears
  8 hornets
  3 trolls
  A queen bee (Abyss:3)
  A bloated husk (Swamp:2)
  10 slime creatures
  Grinder (D:6)
  25 blink frogs
  A blink frog (shapeshifter) (D:14)
  A raiju (Abyss:3)
  6 spriggans
  2 air elementals
  A centaur simulacrum (D:13)
  2 water elementals
  4 ynoxinuls
  3 wyverns
  8 humans (D:13)
  4 fire bats (Abyss:3)
  5 wraiths
  A basilisk (Lair:4)
  15 yaks
  4 fire elementals
  6 redbacks (Elf:2)
  2 chaos spawn (Abyss:3)
  A steam dragon (D:8)
  10 small abominations
  3 wargs (Orc:2)
  21 nagas
  8 vampire mosquitoes
  8 swamp worms
  2 large abominations
  6 water moccasins
  17 orc warriors
  3 swamp drakes (Swamp:4)
  A black bear (Lair:3)
  8 ogres
  14 wolves
  A boggart (Elf:1)
  12 centaurs
  A lemure (D:6)
  2 kobold brigands
  5 bullfrogs
  6 gnoll sergeants (Bailey)
  A scorpion (Lair:3)
  A water moccasin zombie (D:6)
  3 wights
  A howler monkey (D:10)
  6 electric eels
  2 bullfrog zombies
  2 jellies
  A quasit (Abyss:3)
  23 orc priests
  5 centaur zombies
  6 gnoll shamans
  5 hounds
  10 orc wizards
  11 gnolls
  5 adders
  2 white imps
  An ufetubus (Abyss:3)
  An adder skeleton (D:4)
  3 dart slugs
  60 orcs
  7 bats
  6 endoplasms
  5 giant cockroaches
  7 goblins
  7 hobgoblins
  3 quokkas
  3 ball pythons
  5 frilled lizards
  10 kobolds
  4 rats
  A butterfly (D:4)
  A lurking horror (Abyss:3)
813 creatures vanquished.

Vanquished Creatures (collateral kills)
  Vashnia (Snake:4)
  Bai Suzhen (Swamp:4)
  2 bone dragons (Abyss:3)
  2 tentacled monstrosities
  Jorgrun (Elf:2)
  A deep elf blademaster (Elf:2)
  A thorn hunter (Swamp:4)
  Agnes (Elf:2)
  2 nagarajas (Snake:4)
  4 deep elf sorcerers (Elf:3)
  Roxanne (Elf:3)
  A vault warden (Vaults:1)
  Aizul (Snake:3)
  4 very ugly things
  3 ironbound preservers (Vaults:1)
  2 deep elf elementalists (Elf:3)
  A stone giant (Vaults:1)
  6 deep elf demonologists
  9 deep elf annihilators
  A minotaur (Gauntlet)
  A dire elephant (Vaults:1)
  A red draconian (Abyss:3)
  3 bunyips
  An ettin (D:15)
  A great orb of eyes (Vaults:1)
  13 hydras
  A salamander tyrant (Snake:4)
  A deep elf high priest (Elf:3)
  8 naga warriors
  2 shambling mangroves
  Erolcha (D:11)
  A great orb of eyes (shapeshifter) (Lair:6)
  A rakshasa (Abyss:3)
  A vault guard (Vaults:1)
  An ice dragon (shapeshifter) (Abyss:3)
  Harold (D:11)
  5 anacondas
  An ironbound frostheart (Vaults:1)
  An ogre mage (D:15)
  6 boulder beetles
  A catoblepas (D:15)
  2 centaur warriors
  5 two-headed ogres (D:15)
  14 dancing weapons
  7 death yaks
  3 alligators
  7 naga sharpshooters
  2 tengu warriors (D:13)
  5 orc high priests
  3 thrashing horrors
  2 shock serpents
  2 spriggan berserkers
  A hell knight (D:15)
  12 deep elf knights
  2 wretched stars (Abyss:3)
  A skeletal warrior (D:11)
  3 goliath frogs
  A salamander mystic (Snake:4)
  A sea snake (Snake:2)
  9 swamp dragons
  2 deep trolls
  5 deep elf archers
  2 wizards
  3 naga ritualists
  A swamp dragon (shapeshifter) (Elf:3)
  2 orc knights
  2 lindwurms (Vaults:2)
  4 ironbound convokers (Vaults:1)
  9 ugly things
  15 deep elf pyromancers
  10 deep elf zephyrmancers
  A faun (shapeshifter) (Vaults:1)
  4 orc sorcerers
  A worldbinder (Abyss:3)
  7 large abominations
  4 mana vipers
  3 cyclopes
  A will-o-the-wisp (Swamp:4)
  7 salamanders
  2 elephants
  9 naga magi
  15 black mambas
  8 guardian serpents
  2 smoke demons (Abyss:3)
  An orange demon (Abyss:3)
  4 cane toads
  3 rime drakes
  An unseen horror (Abyss:3)
  A yaktaur (Vaults:1)
  5 kobold demonologists
  An ancient zyme (Abyss:3)
  An ice devil (Orc:2)
  A komodo dragon (Lair:5)
  A meliai (Abyss:3)
  A queen bee (shapeshifter) (Elf:3)
  A bloated husk (Swamp:3)
  7 tyrant leeches
  3 trolls
  11 hornets
  3 raiju (Abyss:3)
  10 slime creatures
  A snapping turtle (shapeshifter) (Lair:6)
  9 blink frogs
  An air elemental (Elf:2)
  A spriggan (Swamp:2)
  A shadow (Abyss:3)
  A wyvern (Lair:4)
  5 fire bats (Abyss:3)
  A water elemental (Elf:1)
  13 yaks
  A fire elemental (D:15)
  A wraith (Abyss:3)
  3 chaos spawn
  2 neqoxecs (Abyss:3)
  12 humans (D:13)
  2 redbacks (Elf:2)
  9 vampire mosquitoes
  A basilisk (Lair:4)
  4 wargs (Orc:2)
  6 swamp worms
  16 nagas
  6 water moccasins
  3 swamp drakes (Swamp:4)
  An ice beast (D:7)
  15 orc warriors
  2 sky beasts
  9 wolves
  4 centaurs
  3 boggarts (Vaults:1)
  A lemure (D:7)
  2 kobold brigands
  A phantom (D:4)
  5 bullfrogs
  A scorpion (D:5)
  3 gnoll sergeants
  A water moccasin skeleton (D:6)
  2 killer bees (Abyss:3)
  5 wights
  3 electric eels
  A lava snake (D:15)
  4 centaur zombies
  Crazy Yiuf (D:6)
  6 orc priests
  3 hounds
  A jelly (D:5)
  A gnoll shaman (Bailey)
  An iguana (D:6)
  9 orc wizards
  8 small abominations
  19 gnolls
  A white imp (Abyss:3)
  An ufetubus (Abyss:3)
  A worm (D:4)
  22 orcs
  3 goblins
  9 kobolds
601 creatures vanquished.

Vanquished Creatures (others)
  The ghost of Boahovan the Carver, a journeyman DsGl of Makhleb (D:15)
  An ogre mage (Abyss:3)
  A deep elf knight (Elf:1)
  A large abomination (Abyss:3)
  2 spriggan druids
  A bog body (Swamp:4)
  A deep elf pyromancer (Elf:3)
  2 deep elf zephyrmancers
  3 ugly things (D:14)
  2 bloated husks
  A hornet (Swamp:4)
  A spriggan (Swamp:4)
  A fire bat (Abyss:3)
  2 nagas (Snake:4)
  2 swamp worms
  An orc warrior (Orc:2)
  43 knights
  15 foxfires
  33 fungi
  A lurking horror (Abyss:3)
  62 plants
  2 starspawn tentacles (Abyss:3)
179 creatures vanquished.

Grand Total: 1593 creatures vanquished

Notes
Turn   | Place    | Note
-------+----------+-------------------------------------------
     0 | D:1      | hofbold the Merfolk Monk began the quest for the Orb.
     0 | D:1      | Reached XP level 1. HP: 18/18 MP: 1/1
   157 | D:1      | Reached XP level 2. HP: 24/24 MP: 2/2
   441 | D:1      | Reached skill level 5 in Polearms
   453 | D:1      | Reached XP level 3. HP: 30/30 MP: 3/3
  1302 | D:2      | Reached XP level 4. HP: 29/37 MP: 4/4
  1736 | D:2      | Reached skill level 5 in Dodging
  2299 | D:3      | Found a shimmering altar of Xom.
  2300 | D:3      | Found a hide-covered altar of Uskayaw.
  2353 | D:3      | Reached XP level 5. HP: 12/43 MP: 5/5
  2699 | D:3      | Found a faded altar of an unknown god.
  3265 | D:4      | Found a staircase to the Ecumenical Temple.
  3327 | D:3      | Reached XP level 6. HP: 36/50 MP: 6/6
  3581 | Temple   | Entered the Ecumenical Temple
  3588 | Temple   | Became a worshipper of Hepliaklqana the Forgotten
  3588 | Temple   | Reached * piety under Hepliaklqana
  3588 | Temple   | Reached ** piety under Hepliaklqana
  3589 | Temple   | Remembered your ancestor Thargor as a knight
  4046 | D:4      | Reached skill level 5 in Fighting
  4046 | D:4      | Reached skill level 1 in Armour
  4046 | D:4      | Reached skill level 6 in Dodging
  4608 | D:5      | Entered Level 5 of the Dungeon
  4828 | D:5      | Reached XP level 7. HP: 36/50 MP: 7/7
  5399 | D:5      | Reached *** piety under Hepliaklqana
  5713 | D:6      | Reached skill level 7 in Dodging
  5728 | D:6      | Identified the ring "Lephoah" {rPois rCorr Str+3}
  5858 | D:6      | Noticed Grinder
  5866 | D:6      | Killed Grinder
  5867 | D:6      | Reached XP level 8. HP: 57/57 MP: 8/8
  6185 | D:6      | Found a runed translucent door.
  6186 | D:6      | Noticed Crazy Yiuf
  6234 | D:6      | Reached skill level 1 in Invocations
  6242 | D:6      | Reached skill level 1 in Evocations
  6335 | D:6      | Found a transporter.
  6336 | D:6      | Noticed snonkus's ghost (novice HuGl)
  6337 | D:6      | Found a transporter.
  6337 | D:6      | Noticed a two-headed ogre
  6572 | D:6      | Killed Crazy Yiuf
  6642 | D:7      | Found a snail-covered altar of Cheibriados.
  6651 | D:7      | Reached skill level 8 in Dodging
  6686 | D:7      | Noticed Pikel
  6723 | D:6      | Killed Pikel
  6724 | D:6      | Reached XP level 9. HP: 36/64 MP: 8/11
  6944 | D:7      | Found a shimmering blue altar of Sif Muna.
  7589 | D:8      | Reached **** piety under Hepliaklqana
  7627 | D:8      | Found an ancient bone altar of Kikubaaqudgha.
  7774 | D:8      | Found an iron altar of Okawaru.
  7818 | D:8      | Noticed a hornet
  7823 | D:8      | Killed a hornet
  7824 | D:8      | Reached skill level 9 in Dodging
  8233 | D:9      | Reached skill level 10 in Polearms
  8242 | D:9      | Reached XP level 10. HP: 51/72 MP: 13/13
  8347 | D:9      | Found Zameofrixke's Jewellery Shop.
  8358 | D:9      | Bought a +4 ring of protection for 396 gold pieces
  9313 | D:9      | Reached ***** piety under Hepliaklqana
  9465 | D:9      | Found a sacrificial altar of Ru.
  9541 | D:9      | Reached skill level 5 in Invocations
  9679 | D:10     | Entered Level 10 of the Dungeon
  9737 | D:10     | Found a flagged portal.
  9765 | Bailey   | Entered a bailey
 10077 | Bailey   | Reached skill level 10 in Dodging
 10370 | Bailey   | Reached skill level 5 in Evocations
 10699 | D:10     | Found a staircase to the Lair.
 10847 | D:10     | Reached skill level 5 in Armour
 10925 | D:10     | Reached XP level 11. HP: 78/78 MP: 15/15
 10932 | D:10     | Learned a level 1 spell: Apportation
 10937 | D:10     | Learned a level 4 spell: Passage of Golubria
 10959 | D:10     | Found a staircase to the Orcish Mines.
 11131 | D:10     | Found Fiott's Antique Weapon Boutique.
 11286 | D:11     | Noticed a purple ugly thing
 11321 | D:11     | Killed a purple ugly thing
 11467 | D:11     | Noticed a death knight
 11470 | D:11     | Noticed a red ugly thing
 11593 | Lair:1   | Entered Level 1 of the Lair of Beasts
 11785 | Lair:1   | Reached skill level 11 in Dodging
 12797 | Lair:1   | Identified the +2 cloak of Cloud Cover {Slay+2}
 12823 | Lair:1   | Noticed a four-headed hydra
 12832 | Lair:1   | Killed a four-headed hydra
 12833 | Lair:1   | Reached skill level 10 in Fighting
 12853 | Lair:1   | Reached XP level 12. HP: 87/87 MP: 17/17
 13221 | Lair:2   | Noticed a five-headed hydra
 13233 | Lair:2   | Killed a five-headed hydra
 13369 | Lair:2   | Reached skill level 12 in Dodging
 14860 | Lair:3   | You fall into a shaft and drop 2 floors!
 14866 | Lair:5   | Noticed a four-headed hydra
 15556 | Lair:4   | Reached ****** piety under Hepliaklqana
 15650 | Lair:4   | Reached skill level 13 in Dodging
 15674 | Lair:4   | Found a staircase to the Snake Pit.
 15726 | Lair:3   | Reached XP level 13. HP: 91/95 MP: 19/19
 15833 | Lair:4   | Reached skill level 1 in Throwing
 15889 | Lair:4   | Reached skill level 1 in Spellcasting
 16152 | Lair:4   | Reached skill level 1 in Translocations
 16638 | Lair:4   | Found a staircase to the Swamp.
 17358 | Lair:5   | Found a staircase to the Slime Pits.
 17508 | Lair:5   | Found a viscous altar of Jiyva.
 17729 | Lair:4   | Learned a level 2 spell: Blink
 18630 | Lair:6   | Entered Level 6 of the Lair of Beasts
 18698 | Lair:6   | Found a hazy altar of Hepliaklqana.
 18727 | Lair:6   | Noticed Urug
 19138 | Lair:6   | Killed Urug
 19787 | Lair:6   | Reached skill level 15 in Polearms
 19789 | Lair:6   | Reached skill level 10 in Invocations
 19789 | Lair:6   | Reached XP level 14. HP: 68/102 MP: 12/21
 20126 | Lair:6   | Reached skill level 5 in Stealth
 20601 | Lair:6   | Reached skill level 14 in Dodging
 21583 | Lair:6   | Found a corrupted altar of Lugonu.
 21583 | Lair:6   | Found a one-way gate to the infinite horrors of the Abyss.
 21884 | Orc:1    | Entered Level 1 of the Orcish Mines
 22050 | Orc:2    | Entered Level 2 of the Orcish Mines
 22050 | Orc:2    | Found a staircase to the Elven Halls.
 23029 | Orc:2    | Noticed an orc warlord
 23067 | Orc:2    | Killed an orc warlord
 23456 | Orc:2    | Reached skill level 5 in Throwing
 23648 | Orc:2    | Found Cepef's General Store.
 23969 | Orc:2    | Found Wubladuch's General Store.
 24009 | Orc:2    | Bought a scroll of teleportation for 48 gold pieces
 24009 | Orc:2    | Bought 2 silver boomerangs for 48 gold pieces
 24009 | Orc:2    | Bought a scroll of identify for 32 gold pieces
 24009 | Orc:2    | Bought a potion of brilliance for 64 gold pieces
 24009 | Orc:2    | Bought a wand of flame (2) for 32 gold pieces
 24033 | Orc:2    | Bought a potion of brilliance for 52 gold pieces
 24485 | Orc:2    | Reached skill level 5 in Spellcasting
 24551 | Orc:2    | Reached XP level 15. HP: 90/109 MP: 22/22
 24740 | Orc:2    | Reached skill level 10 in Evocations
 24796 | Orc:2    | Found Elus's Antique Armour Shop.
 24796 | Orc:2    | Found Ynluivorgh's Jewellery Boutique.
 24797 | Orc:2    | Found a one-way gate leading to the halls of Pandemonium.
 25013 | D:11     | Noticed Erolcha
 25019 | D:11     | Killed Erolcha
 25568 | D:11     | Noticed Harold
 25579 | D:11     | Killed Harold
 25580 | D:11     | Reached skill level 15 in Dodging
 26344 | D:12     | You fall into a shaft and drop 1 floor!
 26505 | D:13     | Identified the +1 leather armour of Damp the Good {rN+
                  | Slay+2}
 26590 | D:13     | Identified the +8 war axe "Fuegiv" {vorpal, Will+}
 26601 | D:13     | Found a gate to the Vaults.
 27911 | D:14     | Found a radiant altar of Vehumet.
 28280 | D:14     | Found a gate leading to a gauntlet.
 28339 | Gauntlet | Entered a Gauntlet
 28339 | Gauntlet | Found a transporter.
 28339 | Gauntlet | Found a transporter.
 28386 | Gauntlet | Found a transporter.
 28398 | Gauntlet | Found a transporter.
 28416 | Gauntlet | Found a transporter.
 28416 | Gauntlet | Found a transporter.
 28418 | Gauntlet | Found a transporter.
 28418 | Gauntlet | Found a transporter.
 28419 | Gauntlet | Found a transporter.
 28430 | Gauntlet | Found a transporter.
 28445 | Gauntlet | Found a runed translucent door.
 28446 | Gauntlet | Found a transporter.
 28447 | Gauntlet | Found a runed translucent door.
 28455 | Gauntlet | Found a runed translucent gate.
 28456 | Gauntlet | Found a transporter.
 28456 | Gauntlet | Found a runed translucent gate.
 28457 | Gauntlet | Found a runed translucent gate.
 28470 | Gauntlet | Found a transporter.
 28489 | Gauntlet | Found a transporter.
 28575 | Gauntlet | Reached skill level 5 in Translocations
 28753 | Gauntlet | Reached XP level 16. HP: 84/117 MP: 25/25
 28768 | D:14     | Learned a level 3 spell: Vampiric Draining
 28776 | D:14     | Learned a level 7 spell: Malign Gateway
 28785 | D:14     | Learned a level 8 spell: Summon Horrible Things
 29258 | D:14     | Identified the +3 leather armour "Siatt" {Rampage +Blink
                  | rC++ rN+ rCorr}
 29429 | D:15     | Entered Level 15 of the Dungeon
 29510 | D:15     | Reached skill level 1 in Summonings
 29685 | D:15     | Identified the +1 short sword of Xigyul {vorpal, Str+2}
 29709 | D:15     | Reached skill level 1 in Necromancy
 29722 | D:15     | Reached skill level 1 in Shields
 29983 | D:15     | Reached skill level 16 in Dodging
 30330 | D:15     | Got the Incunabulum of Shifting Creation
 30361 | D:15     | Found a staircase to the Depths.
 30500 | D:15     | Found a transporter.
 30508 | D:15     | Found a transporter.
 30508 | D:15     | Noticed Boahovan's ghost (journeyman DsGl)
 30513 | D:15     | Identified the +4 great mace of Forgiveness {spect, rPois
                  | Str+3 Dex-4}
 30986 | Snake:1  | Entered Level 1 of the Snake Pit
 31671 | Snake:1  | Found Osute's Antique Weapon Shoppe.
 31673 | Snake:1  | Found Wuvi's Antique Armour Emporium.
 31676 | Snake:1  | Found Goliceic's Weapon Shoppe.
 31681 | Snake:1  | Bought a glowing cloak for 157 gold pieces
 32378 | Snake:1  | Reached skill level 1 in Long Blades
 34223 | Snake:3  | Reached XP level 17. HP: 89/125 MP: 21/28
 35294 | Snake:3  | Noticed Aizul
 35303 | Snake:3  | Killed Aizul
 36629 | Snake:4  | Entered Level 4 of the Snake Pit
 37527 | Snake:4  | Reached skill level 10 in Stealth
 38200 | Snake:4  | Reached skill level 17 in Dodging
 38605 | Snake:4  | Reached skill level 5 in Summonings
 38799 | Snake:4  | Reached skill level 5 in Shields
 40255 | Snake:4  | Reached skill level 5 in Long Blades
 40356 | Snake:4  | Noticed Vashnia
 40362 | Snake:4  | Reached XP level 18. HP: 120/132 MP: 28/30
 40368 | Snake:4  | Killed Vashnia
 40758 | Snake:4  | Got a serpentine rune of Zot
 41474 | Swamp:1  | Entered Level 1 of the Swamp
 41535 | Swamp:1  | You fall into a shaft and drop 1 floor!
 43616 | Swamp:2  | Identified the +0 pair of gloves of the Farmer {Str+3}
 43621 | Swamp:2  | Identified the +2 broad axe of Jurchatiu {spect, MP+9
                  | Int+4}
 44043 | Swamp:3  | Identified a scroll of acquirement
 44043 | Swamp:3  | Acquired a +5 demon trident of venom
 44316 | Swamp:3  | Noticed a tentacled monstrosity
 44317 | Swamp:3  | Noticed Mara
 44335 | Swamp:3  | Killed a tentacled monstrosity
 44336 | Swamp:3  | Reached skill level 15 in Fighting
 44476 | Swamp:3  | Noticed hofbold's illusion
 44547 | Swamp:4  | Entered Level 4 of the Swamp
 44547 | Swamp:4  | Noticed a tentacled monstrosity
 44552 | Swamp:3  | Noticed hofbold's illusion
 44886 | Vaults:1 | Entered Level 1 of the Vaults
 45669 | Vaults:1 | Found a glowing golden altar of the Shining One.
 45669 | Vaults:1 | Found a glowing silver altar of Zin.
 45703 | Vaults:1 | Found a white marble altar of Elyvilon.
 46545 | Vaults:1 | Reached skill level 5 in Necromancy
 46777 | Vaults:1 | Reached skill level 18 in Dodging
 46785 | Vaults:1 | Reached XP level 19. HP: 73/139 MP: 22/32
 47244 | Vaults:1 | Cast into level 3 of the Abyss (vault warden)
 47287 | Abyss:3  | Noticed a bone dragon
 47298 | Abyss:3  | Killed a bone dragon
 47851 | Abyss:3  | Found a sparkling altar of Nemelex Xobeh.
 47987 | Abyss:3  | Noticed a dread lich
 47999 | Abyss:3  | Paralysed by a dread lich for 2 turns
 48001 | Abyss:3  | Noticed a Hell Sentinel
 48141 | Vaults:1 | Escaped the Abyss
 48849 | Vaults:2 | Noticed Saint Roka
 49028 | Elf:1    | Entered Level 1 of the Elven Halls
 49028 | Elf:1    | Found a runed translucent gate.
 49028 | Elf:1    | Found a runed translucent gate.
 49028 | Elf:1    | Found a runed translucent gate.
 49028 | Elf:1    | Found a runed translucent gate.
 49028 | Elf:1    | Found a runed translucent gate.
 49028 | Elf:1    | Found a runed translucent gate.
 49031 | Elf:1    | Found a runed translucent door.
 49119 | Elf:1    | Found a runed translucent door.
 49125 | Elf:1    | Identified the +1 chain mail of Lust {Regen+ Int+2}
 49603 | Elf:1    | Identified the +3 scale mail of Pan-Flutes {Regen+}
 50466 | Elf:1    | Cast into level 3 of the Abyss (a deep elf sorcerer)
 50635 | Abyss:3  | Reached XP level 20. HP: 96/147 MP: 25/27
 50635 | Abyss:3  | Reached XP level 21. HP: 100/153 MP: 25/27
 50635 | Abyss:3  | Got an abyssal rune of Zot
 50719 | Abyss:3  | Noticed a bone dragon
 50738 | Abyss:3  | Killed a bone dragon
 50869 | Elf:1    | Escaped the Abyss
 51421 | Elf:2    | Paralysed by an air elemental for 1 turns
 51426 | Elf:2    | Paralysed by an air elemental for 1 turns
 51457 | Elf:2    | Found a runed translucent gate.
 51458 | Elf:2    | Found a runed translucent gate.
 51458 | Elf:2    | Found a runed translucent gate.
 51692 | Elf:2    | Identified the +0 leather armour "Teorphyem" {Harm rCorr
                  | Str-3 Dex+6}
 51897 | Elf:2    | Reached skill level 10 in Spellcasting
 52888 | Elf:2    | Reached XP level 22. HP: 160/160 MP: 36/36
 52955 | Elf:2    | Noticed Jorgrun
 52961 | Elf:2    | Killed Jorgrun
 53192 | Elf:2    | Noticed Agnes
 53198 | Elf:2    | Killed Agnes
 53317 | Elf:3    | Entered Level 3 of the Elven Halls
 53406 | Elf:3    | Identified the +1 ring mail of Seiqunky {*Corrode +Blink
                  | rElec rPois}
 53660 | Elf:3    | Noticed Roxanne
 53689 | Elf:3    | Killed Roxanne
 53801 | Elf:3    | Reached skill level 10 in Throwing
 53905 | Elf:3    | Reached skill level 19 in Dodging
 54339 | Elf:3    | Found Roclirph's Book Shop.
 54392 | Elf:3    | Cast into level 3 of the Abyss (a deep elf sorcerer)
 54392 | Abyss:3  | Found a corrupted altar of Lugonu.
 54463 | Elf:3    | Escaped the Abyss
 54469 | Elf:3    | Paralysed by an air elemental for 1 turns
 54504 | Elf:3    | Identified the ring of the Tempest {Fire rElec Str+5 Dex-2}
 54869 | Elf:3    | Got the Handbook of Companions and Snow
 54879 | Elf:3    | Got the Almanac of Supportive Unholy Arts
 54891 | Elf:3    | Identified the +7 fustibalus "Akieg" {freeze, rF+ Int+5}
 54905 | Elf:3    | Learned a level 9 spell: Polar Vortex
 54937 | Elf:3    | Reached skill level 10 in Long Blades
 54944 | Elf:3    | Got the Almanac of the Escort
 54951 | Elf:3    | Identified the ring "Irphea" {rC+ Str+4 Int-4 SInv Stlth+}
 55743 | Swamp:4  | Identified the +7 chain mail of Qiniat {rN+ Int+2}
 55829 | Swamp:4  | Noticed Bai Suzhen
 55849 | Swamp:4  | Killed Bai Suzhen
 55850 | Swamp:4  | Reached skill level 1 in Ice Magic
 56038 | Swamp:4  | Noticed Nikola
 56086 | Swamp:3  | Noticed hofbold's illusion
 56567 | Swamp:3  | Noticed hofbold's illusion
 56871 | Swamp:3  | Noticed hofbold's illusion
 56894 | Swamp:3  | Noticed hofbold's illusion
 56901 | Swamp:3  | Killed Mara
 57228 | Swamp:4  | Reached skill level 10 in Shields
 57945 | Swamp:4  | Killed Nikola
 58139 | Swamp:4  | Reached XP level 23. HP: 165/167 MP: 37/37
 58153 | Swamp:4  | Got a decaying rune of Zot
 58659 | D:6      | Killed snonkus's ghost
 58919 | D:15     | Killed Boahovan's ghost
 59271 | Depths:1 | Entered Level 1 of the Depths
 59372 | Depths:1 | Learned a level 2 spell: Passwall
 59546 | Depths:1 | You fall into a shaft and drop 1 floor!
 59698 | Depths:2 | HP: 2/168 [living spell/iceblast[a walking frostbound tome]
                  | (30)]
 59698 | Depths:2 | Killed from afar by a living spell

Illustrated notes

Levels and vault maps discovered:
D:1:      roderic_chinese_lattice_arrival, layout_basic, serial_bayou_lagoon_b
D:2:      layout_rooms
D:3:      layout_loops_corners, nicolae_overflow_squiral,
          nicolae_ecumenical_oubliette
D:4:      layout_loops_corners, minmay_temple_entry_butterflies
D:5:      nicolae_cairo_tiling_large, layout_cave_pods, nrook_loot_triangle,
          amethyst_killhole, minmay_circle_x
D:6:      layout_loops_cross, gammafunk_ghost_arena, nicolae_zen_rock_garden,
          uniq_crazy_yiuf_cottage, uniq_grinder
D:7:      layout_basic, nicolae_overflow_crystal_walls,
          nicolae_sif_muna_little_library, uniq_pikel
D:8:      layout_cave_pods, nicolae_overflow_hidden_temple,
          kiku_gazebo_garden_becter
D:9:      layout_irregular_city, nicolae_ru_the_path_less_chosen, st_stairs_13,
          minmay_shop_enchanted_jewellery, minmay_crystal_water
D:10:     layout_roguey, lair_entry_dummy, orc_0_dummy, enter_bailey_5,
          serial_shops, nicolae_diamond_shop
D:11:     wad_crossroads, layout_loops_ring, uniq_harold, uniq_erolcha
D:12:     layout_layer_cave, abandoned_shop
D:13:     layout_grid_maze, grunt_vaults_entry_tiered, minmay_misc_feat_tower
D:14:     layout_roguey, nicolae_elevator_lobby_plus, gauntlet_entry_generic,
          vehumet_crystals
D:15:     hangedman_depths_entry_civil_slaughter, layout_basic,
          gammafunk_ghost_smash
Temple:   regret_index_temple_waves
Lair:1:   layout_loops_ring, guppyfry_lair_drakes, grunt_megastairs_3,
          lemuel_fruit_tree
Lair:2:   nzn_winding_woodlands_stair_cross [nzn_winding_woodlands_5x15_crooked,
          nzn_winding_woodlands_center_triple_pond,
          nzn_winding_woodlands_5x15_longhouse,
          nzn_winding_woodlands_5x5_checkerboard,
          nzn_winding_woodlands_5x5_three,
          nzn_winding_woodlands_5x15_sidewinder,
          nzn_winding_woodlands_center_garden, nzn_winding_woodlands_5x15_eye],
          layout_loops_ring, minivault_25
Lair:3:   statuecave_lemuel, layout_gridlike, chequers_serial_rivers_room_a,
          serial_bayou_lagoon_a, forest_entry_grove, infiniplex_staircase_pool,
          lemuel_fruit_fields
Lair:4:   layout_gridlike, swamp_mist_pool, dummy_snake_entry,
          grunt_megastairs_4
Lair:5:   layout_regular_city, slime_altar_1, portal_ice_cave_rime
Lair:6:   hellmonk_lair_end_abyssal_woods, layout_gridlike, serial_bayou_pond_d,
          lemuel_centaur_altar, uniq_urug
Swamp:1:  nicolae_swamp_ascending_descending, layout_falls_marsh,
          nicolae_swamp_triple_paths
Swamp:2:  layout_falls_marsh, nicolae_swamp_orc_logging_accident, swamp_pool3
Swamp:3:  layout_basic_swamp, evilmike_swamp_ruin_rubble_1, swamp_pool3,
          uniq_mara
Swamp:4:  swamp_basic_johnstein, layout_basic_swamp, swamp_pool1, uniq_nikola,
          uniq_bai_suzhen
Snake:1:  layout_gridlike, serial_bayou_shore_b, minmay_shop_star
Snake:2:  layout_rooms, serial_bayou_ford_a, hangedman_snake_corridor_split
Snake:3:  layout_layer_cave, uniq_aizul
Snake:4:  grunt_snake_rune_serpentine_throne, layout_chambers
Orc:1:    layout_caves, basic_altar, rock_pile
Orc:2:    pf_orc_diabolical, layout_caves, mines5_lemuel
Elf:1:    nicolae_elf_arrival_dilemma, layout_loops_corners,
          hangedman_elf_disciples
Elf:2:    nicolae_elf_blades_crystal_corner, layout_loops_ring, drop_trap,
          uniq_jorgrun, uniq_agnes
Elf:3:    minmay_elf_hall_x, layout_geoelf_octagon, serial_shops,
          nicolae_lakefront_shop, hangedman_glass_teeth,
          serial_sigils_hangedman_snap, small_chamber_with_monster,
          lemuel_flamethrower_1, uniq_roxanne
Vaults:1: portal_desolation_entry_holy_temple, dpeg_vaults_monster_row,
          ontoclasm_vaults_shuriken, st_diamondy,
          nicolae_vaults_network_periphery, hangedman_vaults_river_flow,
          hangedman_vaults_trim, v_rooms_6, ontoclasm_vaults_decontamination,
          nicolae_vaults_little_squares_3, nicolae_vaults_puzzle_piece,
          nicolae_vaults_specimen_jars, ontoclasm_vaults_ring_square,
          nicolae_vaults_rhombus_6, ontoclasm_vaults_pinch,
          nicolae_vaults_rhombus_5, layout_vaults_omnibox
Vaults:2: minmay_crypt_entry_necro_gods, vaults_mumra_minichess_inversion,
          hangedman_vaults_variations, nicolae_vaults_asterisk,
          nicolae_vaults_statue_guard, layout_vaults_omnigrid, serial_shops,
          shop, uniq_saint_roka
Depths:1: layout_gridville, enter_ziggurat_b, elyvilon_altar_1, pf_coc_iceberg,
          onia_ninara_cookie, roderic_lattice_octagonal_star, minmay_shop_grove
Depths:2: minmay_the_grid_four_pointed_star
          [minmay_the_grid_triangle_9x9_stretched_checkered,
          minmay_the_grid_triangle_9x9_checkered,
          minmay_the_grid_triangle_9x9_dagger,
          minmay_the_grid_triangle_9x9_tough_junction,
          minmay_the_grid_prize_trominoes], layout_basic, pan_entry,
          pf_hell_entry_great_geh, minmay_misc_feat_more_columns,
          infiniplex_staircase_river

Skill      XL: |  1  2  3  4  5  6  7  8  9 10 11 12 13 14 15 16 17 18 19 20 21 22 23 |
---------------+----------------------------------------------------------------------+-----
Polearms       | 5 6 7 8 9 10 11 12 14 15 16 | 16.0
Fighting       | 4 5 6 7 8 10 11 12 13 14 15 16 17 | 17.1
Dodging        | 5 6 7 8 9 10 11 13 14 15 16 17 18 19 | 19.7
Armour         | 1 2 3 4 5 |  5.0
Invocations    | 2 4 6 7 9 10 11 12 13 14 | 14.8
Evocations     | 2 3 5 6 8 9 10 11 12 | 12.0
Throwing       | 3 5 6 7 9 10 11 | 11.0
Spellcasting   | 3 5 6 7 8 9 10 | 10.9
Translocations | 2 3 5 |  5.0
Stealth        | 4 5 7 9 10 | 10.0
Summonings     | 3 5 7 |  7.8
Necromancy     | 3 5 |  5.0
Shields        | 3 5 6 8 10 | 10.4
Long Blades    | 2 5 6 8 9 10 | 10.7
Ice Magic      | 2 3 |  3.5

Action                   |  1- 3 |  4- 6 |  7- 9 | 10-12 | 13-15 | 16-18 | 19-21 | 22-24 || total
-------------------------+-------+-------+-------+-------+-------+-------+-------+-------++-------
Melee: Spear             |    89 |   178 |   215 |   105 |       |       |       |       ||   587
       Punch             |     1 |       |     1 |     8 |    20 |       |       |       ||    30
       Trident           |       |       |       |   603 |  1219 |   141 |       |       ||  1963
       Halberd           |       |       |       |     9 |       |       |       |       ||     9
       Tailslap          |       |       |       |     2 |     1 |     6 |       |    18 ||    27
       War axe           |       |       |       |       |     5 |   434 |       |       ||   439
       Demon trident     |       |       |       |       |       |   198 |   621 |   523 ||  1342
Throw: Boomerang         |    10 |     1 |    39 |    67 |   266 |   291 |   111 |    71 ||   856
       Dart              |       |       |       |    24 |    25 |    62 |       |       ||   111
       Throwing net      |       |       |       |     1 |     9 |     2 |       |     3 ||    15
       Javelin           |       |       |       |       |       |     4 |       |     6 ||    10
 Cast: Blink             |       |       |       |       |     1 |       |       |       ||     1
       Apportation       |       |       |       |       |       |       |     1 |       ||     1
Invok: Ancestor Life: Kn |       |     1 |       |       |       |       |       |       ||     1
       Ancestor Identity |       |     1 |       |       |       |       |       |       ||     1
       Recall Ancestor   |       |       |     1 |     6 |    28 |    10 |     8 |    14 ||    67
       Transference      |       |       |       |       |     4 |     2 |       |     3 ||     9
       Idealise          |       |       |       |       |     4 |     3 |     5 |     4 ||    16
 Abil: Evoke Blink       |       |       |       |       |       |     4 |     1 |     6 ||    11
Evoke: Wand              |       |       |       |     9 |    31 |    22 |     2 |     1 ||    65
       Lightning rod     |       |       |       |     2 |    23 |    22 |     9 |     8 ||    64
       Tin of tremorston |       |       |       |       |     7 |    11 |     5 |     8 ||    31
       Condenser vane    |       |       |       |       |     2 |     8 |     3 |     6 ||    19
       Box of beasts     |       |       |       |       |       |       |       |     2 ||     2
  Use: Scroll            |     1 |     5 |    11 |     7 |    11 |    16 |     6 |     6 ||    63
       Potion            |       |       |       |       |     3 |     5 |     2 |    12 ||    22
 Stab: Sleeping          |    10 |     2 |     4 |     6 |     6 |    32 |    11 |     5 ||    76
       Distracted        |       |       |     4 |     9 |    18 |    18 |    12 |     9 ||    70
       Paralysed         |       |       |       |     7 |     2 |       |       |       ||     9
       Held in net/web   |       |       |       |       |     3 |     1 |       |     1 ||     5
Armor: Robe              |     2 |     1 |    20 |   174 |   168 |       |       |       ||   365
       Ring mail         |       |    40 |    28 |       |       |       |       |       ||    68
       Troll leather arm |       |       |       |       |    91 |     1 |       |       ||    92
       Leather armour    |       |       |       |       |       |   282 |   150 |   112 ||   544
Dodge: Dodged            |    31 |    66 |   102 |   520 |   724 |   610 |   217 |   227 ||  2497
Block: Kite shield       |       |       |       |       |       |   173 |       |       ||   173
       Buckler           |       |       |       |       |       |    11 |       |       ||    11
       Tower shield      |       |       |       |       |       |   460 |   360 |   410 ||  1230
